 Dungeon Crawl Stone Soup version 0.21.0-3-g78d12a8 (webtiles) character file.

21792 Ignatius881 the Cleaver (level 12, -4/165 HPs)
             Began as a Minotaur Berserker on Jan 12, 2018.
             Was a High Priest of Trog.
             Slain by a blink frog (11 damage)
             ... on level 2 of the Lair of Beasts.
             The game lasted 00:35:44 (12597 turns).

Ignatius881 the Cleaver (Minotaur Berserker)       Turns: 12597, Time: 00:35:45

Health: -4/165     AC: 13    Str: 28    XL:     12   Next: 57%
Magic:  0/20       EV: 18    Int:  4    God:    Trog [*****.]
Gold:   678        SH:  0    Dex: 14    Spells: 11/11 levels left

rFire    . . .     SeeInvis .   C - +0 battleaxe (pain)
rCold    . . .     Gourm    .   (shield currently unavailable)
rNeg     + . .     Faith    .   O - +4 moon troll leather armour {Spirit, Regen++ MP+5}
rPois    .         Spirit   +   (helmet restricted)
rElec    .         Reflect  .   (no cloak)
rCorr    .         Harm     .   p - +2 pair of gloves
MR       .....                  (no boots)
Stlth    ..........             (no amulet)
HPRegen  1.17/turn              V - ring of positive energy
MPRegen  0.17/turn              (no ring)

@: berserking, lethally poisoned (-4 -> -5), very quick
A: retaliatory headbutt, horns 2
a: Berserk, Trog's Hand, Brothers in Arms, Burn Spellbooks, Renounce Religion


You were on level 2 of the Lair of Beasts.
You worshipped Trog.
Trog was extremely pleased with you.
You were hungry.

You visited 3 branches of the dungeon, and saw 14 of its levels.

You collected 860 gold pieces.
You spent 182 gold pieces at shops.

Inventory:

Hand Weapons
 a - a +0 hand axe
 C - a +0 battleaxe of pain (weapon)
   (You took it off a wight on level 7 of the Dungeon)
 H - a +4 halberd of venom
   (Trog gifted it to you on level 7 of the Dungeon)
 M - a cursed -3 hand axe
   (You took it off an orc on level 8 of the Dungeon)
 Q - a +2 antimagic broad axe
   (Trog gifted it to you on level 11 of the Dungeon)
Missiles
 G - 2 throwing nets (quivered) {!f}
Armour
 b - a +0 animal skin
 h - a +0 ring mail
   (You found it on level 1 of the Dungeon)
 i - a +0 buckler
   (You found it on level 1 of the Dungeon)
 m - a +0 chain mail
   (You found it on level 2 of the Dungeon)
 p - a +2 pair of gloves (worn)
   (You found it on level 2 of the Dungeon)
 A - a +0 large shield
   (You found it on level 4 of the Dungeon)
 O - the +4 moon troll leather armour (worn) {Spirit, Regen++ MP+5}
   (You found it on level 9 of the Dungeon)

   It affects your magic capacity (+5).
   It increases your rate of regeneration.
Jewellery
 P - a +4 ring of evasion {unknown}
   (You found it on level 9 of the Dungeon)
 V - a ring of positive energy (left hand)
   (You found it on level 11 of the Dungeon)
Wands
 c - a wand of disintegration (11)
   (You found it on level 3 of the Dungeon)
 d - a wand of iceblast (7)
   (You found it on level 8 of the Dungeon)
 z - a wand of polymorph (15)
   (You found it on level 4 of the Dungeon)
 L - a wand of enslavement (16)
   (You found it on level 8 of the Dungeon)
Scrolls
 f - 3 scrolls of enchant weapon
 j - 11 scrolls of teleportation {@r4}
 k - 2 scrolls of fear
 l - a scroll of fog {unknown}
 n - 6 scrolls of remove curse {@r2}
 q - a scroll of enchant armour {unknown}
 y - 3 scrolls of magic mapping {unknown}
 B - 2 scrolls of random uselessness {unknown}
 F - 2 scrolls of blinking {unknown}
 I - 3 scrolls of noise {unknown}
 K - a scroll of torment {unknown}
 T - a scroll of brand weapon {unknown}
 U - a scroll of holy word {unknown}
Potions
 g - 2 potions of might
 o - a potion of experience {unknown}
 r - 2 potions of mutation {!q}
 s - a potion of ambrosia
 t - a potion of magic
 u - a potion of resistance {unknown}
 v - a potion of lignification {unknown}
 w - 2 potions of invisibility
 x - 6 potions of curing {@q1}
 E - 2 potions of heal wounds {unknown}
 J - 7 potions of flight
 N - 4 potions of haste {unknown}
Comestibles
 e - 24 rations
 D - a chunk of flesh


   Skills:
 + Level 11.4 Fighting
 * Level 13.5(14.1) Axes
 - Level 7.1(11.3) Polearms
 + Level 10.9 Armour
 + Level 10.1 Dodging
 + Level 6.1 Evocations


You had 11 spell levels left.
You didn't know any spells.

Dungeon Overview and Level Annotations

Branches:
Dungeon (11/15)            Temple (1/1) D:5            Lair (2/6) D:11
    Orc (0/2) D:11
  Swamp: Lair:2-4    Shoals: Lair:2-4     Snake: Lair:2-4    Spider: Lair:2-4

Altars:
Ashenzari
Cheibriados
Dithmenos
Elyvilon
Fedhas
Gozag
Hepliaklqana
Kikubaaqudgha
Makhleb
Nemelex Xobeh
Okawaru
Qazlal
Ru
Sif Muna
Trog
Uskayaw
Vehumet
Wu Jian
Xom
Yredelemnul
Zin
The Shining One

Shops:
D:8 ?   D:11 [(


Innate Abilities, Weirdness & Mutations

You reflexively headbutt those who attack you in melee.
You have a pair of horns on your head.


Message History

* * * LOW HITPOINT WARNING * * *
The nine-headed hydra bites you but does no damage.
The nine-headed hydra bites you.
* * * LOW HITPOINT WARNING * * *
The nine-headed hydra closely misses you.
The nine-headed hydra barely misses you.
You slice one of the nine-headed hydra's heads off!
The eight-headed hydra grows two more!
You slice the ten-headed hydra!! You hit the spiny frog.
You slash the blink frog!
You kill the blink frog!
Trog accepts your kill.
You feel sick. The spiny frog completely misses you.
You hack one of the ten-headed hydra's heads off!
The nine-headed hydra grows two more!
You hit the 11-headed hydra. You headbutt the 11-headed hydra.
You closely miss the spiny frog.
You feel sick. The 11-headed hydra bites you!
* * * LOW HITPOINT WARNING * * *
The 11-headed hydra bites you.
* * * LOW HITPOINT WARNING * * *
The 11-headed hydra bites you!
* * * LOW HITPOINT WARNING * * *
The 11-headed hydra bites you.
* * * LOW HITPOINT WARNING * * *
The 11-headed hydra closely misses you. The 11-headed hydra bites you.
* * * LOW HITPOINT WARNING * * *
The 11-headed hydra bites you.
* * * LOW HITPOINT WARNING * * *
The 11-headed hydra misses you. The 11-headed hydra barely misses you.
The 11-headed hydra closely misses you.
The 11-headed hydra bites you but does no damage.
You chop one of the 11-headed hydra's heads off!
The ten-headed hydra grows two more!
You slash the 12-headed hydra! You headbutt the 12-headed hydra!
You hit the spiny frog. You closely miss the blink frog.
You slash the spiny frog!
You feel sick. The blink frog barely misses you. The spiny frog stings you!
* * * LOW HITPOINT WARNING * * *
Unknown command.
You lop one of the 12-headed hydra's heads off!
The 11-headed hydra grows two more!
You slice the 13-headed hydra!!
You kill the 13-headed hydra!
Trog accepts your kill.
Your Evocations skill increases to level 6!
You slash the spiny frog!
You kill the spiny frog!
Trog accepts your kill.
You miss the blink frog. You closely miss the blink frog.
You barely miss the spiny frog.
You feel sick.
The blink frog blinks!
The spiny frog completely misses you. You furiously retaliate!
You headbutt the spiny frog! The blink frog hits you!
You die...

##..........
.........P.
.......#.$. ##
..........
#P.##.........
..F.P........
#P..†...<..
#.@....#
#.F§F.P##
.......###
#.....$.P#
.<.......#
.....$..##
.........
.###..P..


You could see a spiny frog and 2 blink frogs.

Vanquished Creatures
  A hydra (Lair:2)
  Erica (D:11)
  A death knight (D:11)
  A two-headed ogre (D:10)
  Pikel (D:8)
  The ghost of aimeelou the Spear-Bearer, a novice MfGl (D:5)
  A cyclops (D:11)
  3 centaur zombies
  7 spiny frogs
  A komodo dragon (Lair:1)
  A freezing wraith (D:11)
  2 trolls
  A hornet (D:10)
  A queen bee (D:11)
  Grinder (D:6)
  Prince Ribbit (D:6)
  3 blink frogs (Lair:2)
  2 hippogriffs (Lair:1)
  2 wraiths (D:11)
  20 yaks
  A wyvern (Lair:1)
  2 hungry ghosts
  3 vampire mosquitoes (D:8)
  Menkaure (D:4)
  3 porcupines (D:11)
  Duvessa (D:6)
  3 water moccasins
  2 black bears
  3 sky beasts
  8 orc warriors
  4 phantoms
  5 ogres
  7 centaurs
  7 crocodiles
  A big kobold (D:11)
  Blork the orc (D:6)
  9 bullfrogs
  A wyvern zombie (D:6)
  A gnoll sergeant (D:7)
  Dowan (D:6)
  7 scorpions
  23 killer bees
  13 wights
  6 howler monkeys
  3 crimson imps
  6 hounds
  4 bullfrog skeletons
  3 jellies
  3 bullfrog zombies
  8 orc priests
  12 orc wizards
  A centaur skeleton (D:7)
  3 iguanas
  6 worker ants
  A killer bee zombie (D:9)
  A hound skeleton (D:4)
  Robin (D:3)
  3 howler monkey skeletons
  14 adders
  4 gnolls (D:7)
  3 shadow imps
  An ooze (D:4)
  2 adder zombies
  A worm (D:2)
  2 dart slugs
  41 orcs
  A ball python (D:2)
  12 bats
  4 giant cockroaches
  16 goblins
  8 hobgoblins
  9 jackals
  7 quokkas
  6 frilled lizards
  A jackal zombie (D:5)
  6 kobolds
  A leopard gecko skeleton (D:6)
  4 rats (D:1)
  A spectral orc (D:9)
  13 fungi (D:11)
  5 plants (D:11)
382 creatures vanquished.

Vanquished Creatures (others)
  An adder (D:8)
  An orc (D:11)
  7 fungi
  A plant (Lair:1)
10 creatures vanquished.

Grand Total: 392 creatures vanquished

Notes
Turn   | Place    | Note
-------+----------+-------------------------------------------
     0 | D:1      | Ignatius881 the Minotaur Berserker began the quest for the Orb.
     0 | D:1      | Reached XP level 1. HP: 19/19 MP: 0/0
   264 | D:1      | Reached XP level 2. HP: 22/27 MP: 1/1
   300 | D:1      | Reached skill level 4 in Axes
   601 | D:1      | Reached ** piety under Trog
   602 | D:1      | Reached XP level 3. HP: 32/33 MP: 2/2
  1282 | D:2      | Found an ornate altar of the Wu Jian Council.
  1365 | D:2      | Reached XP level 4. HP: 40/40 MP: 3/3
  1693 | D:3      | Reached skill level 5 in Axes
  1985 | D:3      | Reached *** piety under Trog
  1987 | D:3      | Noticed Robin
  1995 | D:3      | Reached XP level 5. HP: 39/47 MP: 4/4
  1999 | D:3      | Killed Robin
  2660 | D:4      | Noticed a phantom
  2720 | D:4      | Killed a phantom
  2835 | D:4      | Reached skill level 5 in Fighting
  2835 | D:4      | Reached XP level 6. HP: 52/56 MP: 5/5
  2842 | D:4      | Reached skill level 6 in Axes
  2975 | D:4      | Found a radiant altar of Vehumet.
  3274 | D:4      | Noticed Menkaure
  3281 | D:4      | Killed Menkaure
  3281 | D:4      | Reached XP level 7. HP: 43/61 MP: 6/6
  3570 | D:4      | Reached **** piety under Trog
  3570 | D:4      | Reached skill level 7 in Axes
  3726 | D:4      | Found an ancient bone altar of Kikubaaqudgha.
  3813 | D:5      | Entered Level 5 of the Dungeon
  3813 | D:5      | Found a staircase to the Ecumenical Temple.
  3822 | D:5      | Reached skill level 5 in Armour
  3922 | Temple   | Entered the Ecumenical Temple
  4327 | D:5      | Noticed aimeelou's ghost (novice MfGl)
  4365 | D:5      | Killed aimeelou's ghost
  4365 | D:5      | Reached skill level 8 in Axes
  4365 | D:5      | Reached skill level 5 in Dodging
  4365 | D:5      | Reached XP level 8. HP: 64/71 MP: 7/7
  4844 | D:5      | Got a brightly glowing helmet
  4992 | D:5      | Found an iron altar of Okawaru.
  5253 | D:6      | Reached skill level 9 in Axes
  5634 | D:6      | Noticed Blork the orc
  5638 | D:6      | Reached XP level 9. HP: 79/79 MP: 8/8
  5648 | D:6      | Killed Blork the orc
  5719 | D:6      | Noticed Duvessa
  5723 | D:6      | Noticed Dowan
  5733 | D:6      | Killed Duvessa
  5733 | D:6      | Reached skill level 10 in Axes
  5734 | D:6      | Killed Dowan
  5907 | D:6      | Found a deep blue altar of Sif Muna.
  6261 | D:6      | Noticed Grinder
  6263 | D:6      | Paralysed by Grinder for 6 turns
  6265 | D:6      | Noticed Prince Ribbit
  6274 | D:6      | Killed Grinder
  6278 | D:6      | Killed Prince Ribbit
  6278 | D:6      | Reached ***** piety under Trog
  6816 | D:7      | Reached skill level 11 in Axes
  6816 | D:7      | Reached skill level 1 in Evocations
  6832 | D:7      | Received a gift from Trog
  7130 | D:7      | Reached skill level 1 in Polearms
  7216 | D:7      | Reached XP level 10. HP: 90/90 MP: 10/10
  7780 | D:8      | Found Peabb's Magic Scroll Emporium.
  7805 | D:8      | Bought a scroll of identify for 26 gold pieces
  7805 | D:8      | Bought a scroll of identify for 26 gold pieces
  7805 | D:8      | Bought a scroll of identify for 26 gold pieces
  7805 | D:8      | Bought a scroll of identify for 26 gold pieces
  7805 | D:8      | Bought a scroll of identify for 26 gold pieces
  7805 | D:8      | Bought a scroll of identify for 26 gold pieces
  7805 | D:8      | Bought a scroll of identify for 26 gold pieces
  7942 | D:8      | Noticed Pikel
  7952 | D:8      | Killed Pikel
  8902 | D:9      | Reached skill level 5 in Polearms
  8954 | D:9      | Found a shadowy altar of Dithmenos.
  9181 | D:9      | Found the +4 moon troll leather armour {Spirit, Regen++ MP+5}
  9200 | D:9      | Found a basalt altar of Yredelemnul.
  9449 | D:10     | Entered Level 10 of the Dungeon
  9789 | D:10     | Noticed a two-headed ogre
  9794 | D:10     | Killed a two-headed ogre
  9794 | D:10     | Reached XP level 11. HP: 89/99 MP: 12/12
 10192 | D:11     | Received a gift from Trog
 10196 | D:11     | Found a staircase to the Orcish Mines.
 10196 | D:11     | Found Eceuduev's Armour Shop.
 10200 | D:11     | Found Lubug's Weapon Shop.
 10394 | D:11     | Found a staircase to the Lair.
 10420 | D:11     | Reached skill level 10 in Fighting
 10778 | D:11     | Noticed Erica
 10778 | D:11     | Noticed a death knight
 10785 | D:11     | Killed Erica
 10785 | D:11     | Reached skill level 12 in Axes
 10788 | D:11     | Reached skill level 10 in Armour
 10793 | D:11     | Killed a death knight
 10793 | D:11     | Reached skill level 5 in Evocations
 11353 | Lair:1   | Entered Level 1 of the Lair of Beasts
 11577 | Lair:1   | Reached XP level 12. HP: 98/108 MP: 14/14
 11859 | Lair:1   | Reached skill level 13 in Axes
 12582 | Lair:2   | Noticed a four-headed hydra
 12592 | Lair:2   | Reached skill level 10 in Dodging
 12596 | Lair:2   | HP: 8/165 [spiny frog (14)]
 12597 | Lair:2   | Killed a 13-headed hydra
 12597 | Lair:2   | Slain by a blink frog

Skill      XL: |  1  2  3  4  5  6  7  8  9 10 11 12 |
---------------+-------------------------------------+-----
Axes           | 4 5 6 8 9 11 12 13 | 13.5
Fighting       | 4 5 6 7 8 9 10 11 | 11.4
Armour         | 3 4 5 6 8 9 10 | 10.9
Dodging        | 3 4 5 6 7 8 9 10 | 10.1
Evocations     | 1 3 5 6 |  6.1
Polearms       | 1 6 7 |  7.1

Action                   |  1- 3 |  4- 6 |  7- 9 | 10-12 || total
-------------------------+-------+-------+-------+-------++-------
Melee: Hand axe          |   100 |   163 |   334 |       ||   597
       Headbutt          |    14 |    33 |    85 |    96 ||   228
       Battleaxe         |       |       |    25 |   118 ||   143
       Halberd           |       |       |    10 |   247 ||   257
       Broad axe         |       |       |       |   138 ||   138
Invok: Berserk           |       |     1 |     6 |     6 ||    13
       Trog's Hand       |       |       |       |     3 ||     3
  Use: Scroll            |     3 |     1 |     1 |     9 ||    14
  Eat: Chunk             |     2 |     6 |    19 |    15 ||    42
       Ration            |       |       |       |     4 ||     4
Armor: Animal skin       |    11 |       |       |       ||    11
       Ring mail         |    12 |       |       |       ||    12
       Chain mail        |    13 |    87 |   160 |    85 ||   345
       Troll leather arm |       |       |       |   115 ||   115
Dodge: Dodged            |    68 |    61 |    83 |   420 ||   632
Block: Buckler           |     9 |    20 |     6 |       ||    35
       Large shield      |       |       |   141 |       ||   141
